 Dungeon Crawl Stone Soup version 0.32-a0-673-g3729bd50f8 (webtiles) character file.

Game seed: 3479039345388173389

2182 funkygono the Thaumaturge (level 9, -8/45 HPs)
             Began as a Deep Elf Fire Elementalist on Mar 10, 2024.
             Was a Follower of Vehumet.
             Mangled by an orc warrior
             ... wielding a +0 halberd
              (15 damage)
             ... on level 7 of the Dungeon.
             The game lasted 00:12:57 (7649 turns).

funkygono the Thaumaturge (DEFE)                    Turns: 7649, Time: 00:12:58

Health: -8/45      AC:  4    Str:  5    XL:     9   Next: 11%
Magic:  29/34      EV: 13    Int: 31    God:    Vehumet [*.....]
Gold:   282        SH:  0    Dex: 15    Spells: 19/29 levels left

rFire   . . .        o - +2 dagger (protect)
rCold   . . .        (no shield)
rNeg    . . .        a - +0 robe
rPois   .            n - +0 helmet
rElec   .            q - scarf {+Inv}
rCorr   .            (no gloves)
SInv    .            d - +0 pair of boots
Will    .....        (no amulet)
Stlth   +++          h - +6 ring of intelligence
HPRegen 0.27/turn    f - ring of magical power
MPRegen 0.24/turn

%: no passive effects
@: lethally poisoned (-8 -> -26)
A: no striking features
a: Renounce Religion, Evoke Invisibility


You were on level 7 of the Dungeon.
You worshipped Vehumet.
Vehumet was aware of your devotion.
You visited 2 branches of the dungeon, and saw 8 of its levels.

You collected 366 gold pieces.
You spent 84 gold pieces at shops.

Inventory:

Hand Weapons
 o - a +2 dagger of protection (weapon)
Missiles
 l - 2 throwing nets
Armour
 a - a +0 robe (worn)
 d - a +0 pair of boots (worn)
 n - a +0 helmet (worn)
 q - a scarf of invisibility (worn)
Jewellery
 f - a ring of magical power (right hand)
 h - a +6 ring of intelligence (left hand)
 p - a ring of resist corrosion
Talismans
 r - a beast talisman
Wands
 t - a wand of polymorph (6)
 w - a wand of acid (7)
Scrolls
 m - 5 scrolls of vulnerability
Potions
 b - 2 potions of magic
 c - a potion of brilliance
 e - 2 potions of heal wounds
 g - a potion of might
 i - 5 potions of curing
 j - 2 potions of enlightenment
 k - 2 potions of lignification
 s - a potion of attraction {unknown}
 u - 2 potions of invisibility
 x - a potion of mutation {unknown}


   Skills:
 + Level 0.2 Fighting
 + Level 0.1 Short Blades
 + Level 3.0 Dodging
 + Level 4.0 Stealth
 + Level 10.6 Spellcasting
 + Level 4.9 Conjurations
 + Level 8.8 Fire Magic


You had 19 spell levels left.
You knew the following spells:

 Your Spells              Type           Power      Damage    Failure   Level
a - Foxfire               Conj/Fire      100%       2x1d9     1%          1
b - Scorch                Fire           100%       2d9       1%          2
c - Volatile Blastmotes   Fire/Tloc      86%        2d17      1%          3
d - Flame Wave            Conj/Fire      56%        2d13      1%          4

Your spell library contained the following spells:

 Spells                   Type           Power      Damage    Failure   Level
 Kiss of Death            Conj/Necr      100%       2d13      1%          1
 Inner Flame              Hex/Fire       43%        N/A       1%          3
 Tukima's Dance           Hex            16%        N/A       10%         3
 Anguish                  Hex/Necr       8%         N/A       30%         4
 Silence                  Hex/Air        8%         N/A       65%         5


Dungeon Overview and Level Annotations

Branches:
Dungeon (7/15)             Temple (1/1) D:4

Altars:
Ashenzari
Cheibriados
Dithmenos
Elyvilon
Fedhas
Gozag
Hepliaklqana
Kikubaaqudgha
Makhleb
Nemelex Xobeh
Okawaru
Qazlal
Ru
Sif Muna
Vehumet
Wu Jian
Xom
Yredelemnul
Zin
The Shining One

Shops:
D:2 ?   D:4 *   D:6 ?

Annotations:
D:5 3 runed translucent doors, Nilihum's ghost, novice CoAr
Temple 2 transporters


Message History

You are poisoned.
The water moccasin poisons you!
Casting: Scorch (safe; 1% risk of failure)
Confirm with . or Enter, or press ? or * to list all spells.
You conjure some foxfire!
You feel very sick. The water moccasin barely misses you.
Casting: Foxfire (safe; 1% risk of failure)
Confirm with . or Enter, or press ? or * to list all spells.
Flames lash the orc warrior.
The orc warrior is moderately wounded.
The orc warrior's fire resistance burns away.
You feel very sick.
The foxfire hits the water moccasin.
The water moccasin is severely wounded.
The foxfire hits the water moccasin.
The water moccasin is almost dead.
The water moccasin bites you.
* * * LOW HITPOINT WARNING * * *
You are lethally poisoned!
The water moccasin poisons you! The water moccasin bites you!
* * * LOW HITPOINT WARNING * * *
You are more poisoned.
The water moccasin poisons you!
Casting: Scorch (safe; 1% risk of failure)
Confirm with . or Enter, or press ? or * to list all spells.
Okay, then.
You feel much better.
You feel very sick.
The orc warrior hits you from afar with a +0 halberd.
The water moccasin bites you!
* * * LOW HITPOINT WARNING * * *
Casting: Scorch (safe; 1% risk of failure)
Confirm with . or Enter, or press ? or * to list all spells.
You conjure some foxfire!
* * * LOW HITPOINT WARNING * * *
You feel very sick. The water moccasin barely misses you.
The orc warrior hits you from afar with a +0 halberd!
You die...

##.รท.# ##### ... ###### #.#
...... #.# #####
######.#######.# #.#.#
#.........# #.#.##
........#.## #....# ..
##..##.#..## ####..##### ..
....).).).v@######..........
##
##########Sv#......##..#####
#.#.#.#.#o#.#.#######..#####
##.#.#.#.##....# #.......
##.#.#.###....# ##<####.
#.#.#.#.#.....# #.#
##.#.#.##..#### #.#
##.#.##...# #.# ##o###.#<#
#.#


You could see an orc warrior (combustible) and a water moccasin (ally target).

Vanquished Creatures
  3 water moccasins
  An ice beast (D:7)
  An orc warrior (D:7)
  A sky beast (D:7)
  3 ogres
  A centaur (D:6)
  2 bullfrogs (D:7)
  2 scorpions
  5 wights (D:6)
  5 killer bees (D:7)
  A howler monkey (D:5)
  A hound (D:7)
  2 orc priests
  2 sleepcaps
  Terence (D:3)
  An iguana (D:4)
  4 orc wizards
  A river rat (D:5)
  4 adders
  3 gnolls (D:2)
  A shadow imp (D:7)
  3 dart slugs
  3 ribbon worms (D:2)
  20 orcs
  8 ball pythons
  9 endoplasms
  10 giant cockroaches
  2 goblins
  5 hobgoblins
  7 jackals
  4 quokkas
  7 bats
  3 frilled lizards
  5 kobolds
  4 rats
135 creatures vanquished.

Vanquished Creatures (collateral kills)
  9 foxfires (D:6)
9 creatures vanquished.

Vanquished Creatures (others)
  425 foxfires
425 creatures vanquished.

Grand Total: 569 creatures vanquished

Notes
Turn   | Place    | Note
-------+----------+-------------------------------------------
     0 | D:1      | funkygono the Deep Elf Fire Elementalist began the quest
                  | for the Orb.
     0 | D:1      | Reached XP level 1. HP: 10/10 MP: 6/6
   202 | D:1      | Reached XP level 2. HP: 15/15 MP: 6/8
   205 | D:1      | Learned a level 2 spell: Scorch
   685 | D:1      | Reached XP level 3. HP: 19/19 MP: 7/9
  1259 | D:2      | Reached skill level 4 in Spellcasting
  1295 | D:2      | Reached XP level 4. HP: 21/24 MP: 1/12
  1671 | D:2      | Found Kaobb's Magic Scroll Boutique.
  1674 | D:2      | Bought a scroll of identify for 28 gold pieces
  2545 | D:3      | You fall into a shaft and drop 2 floors!
  2545 | D:5      | Entered Level 5 of the Dungeon
  2577 | D:4      | Noticed a scorpion
  2604 | D:4      | Killed a scorpion
  2605 | D:4      | Reached XP level 5. HP: 28/28 MP: 8/14
  2754 | D:4      | Reached skill level 5 in Spellcasting
  2754 | D:4      | Reached skill level 5 in Fire Magic
  2809 | D:4      | Found Veonnad's CLEARANCE SALE!.
  2817 | D:4      | Bought a scroll of identify for 8 gold pieces
  2817 | D:4      | Bought a scroll of identify for 8 gold pieces
  2825 | D:4      | Found a staircase to the Ecumenical Temple.
  2845 | Temple   | Found a transporter.
  2845 | Temple   | Found a transporter.
  2845 | Temple   | Found a transporter.
  2845 | Temple   | Found a transporter.
  2845 | Temple   | Entered the Ecumenical Temple
  3251 | D:3      | Noticed Terence
  3259 | D:3      | Killed Terence
  3507 | D:3      | Reached XP level 6. HP: 32/32 MP: 12/16
  3987 | D:4      | Got the Writings on Spellbinding
  3992 | D:4      | Learned a level 3 spell: Volatile Blastmotes
  3997 | D:4      | Learned a level 4 spell: Flame Wave
  4797 | D:5      | Found a runed translucent gate.
  4797 | D:5      | Found a runed translucent gate.
  4798 | D:5      | Found a runed translucent gate.
  4799 | D:5      | Noticed Nilihum's ghost (novice CoAr)
  4848 | D:5      | Reached skill level 6 in Spellcasting
  5201 | D:5      | Reached XP level 7. HP: 36/36 MP: 19/19
  5529 | D:6      | Found an ornate altar of the Wu Jian Council.
  5598 | D:6      | Reached skill level 7 in Spellcasting
  5769 | D:6      | Found Ryvuacs's Magic Scroll Emporium.
  5775 | D:6      | Bought a scroll of identify for 20 gold pieces
  5775 | D:6      | Bought a scroll of identify for 20 gold pieces
  5934 | D:6      | Found a hazy altar of Hepliaklqana.
  6024 | D:6      | Reached skill level 8 in Spellcasting
  6116 | D:6      | Found a glowing silver altar of Zin.
  6116 | D:6      | Found a burning altar of Makhleb.
  6122 | D:6      | Found a blossoming altar of Fedhas.
  6134 | D:6      | Reached XP level 8. HP: 40/41 MP: 22/22
  6185 | D:6      | Found a radiant altar of Vehumet.
  6188 | D:6      | Found a sacrificial altar of Ru.
  6192 | D:6      | Became a worshipper of Vehumet
  6194 | D:6      | Found a white marble altar of Elyvilon.
  6304 | D:6      | Found a broken altar of Ashenzari.
  6744 | D:7      | Reached skill level 9 in Spellcasting
  7064 | D:7      | Reached skill level 10 in Spellcasting
  7325 | D:7      | Reached XP level 9. HP: 30/45 MP: 25/25
  7552 | D:7      | Reached * piety under Vehumet
  7552 | D:7      | Offered knowledge of Kiss of Death by Vehumet.
  7649 | D:7      | Mangled by an orc warrior

Illustrated notes

Levels and vault maps discovered:
D:1:      elethiomel_arrival_infinity_welcomes_careful_drivers, layout_basic,
          hangedman_decor_clover_reticule, minmay_heptomino_l4
D:2:      layout_loops_corners, serial_shops, nicolae_shop_window_shopping,
          grunt_decor_fettered
D:3:      layout_loops_ring, uniq_terence
D:4:      layout_basic, minmay_temple_entry_tees, nicolae_shop_clearance
D:5:      layout_cave_pods, gammafunk_ghost_necromancy, gup_sewer_entry_spiral,
          dk_rats_in_the_wall
D:6:      nicolae_cairo_tiling_large_dashed, layout_basic,
          mainiacjoe_overflow_cross_hatched, lemuel_tele_altar,
          nicolae_wu_jian_wuxing_cycle, nicolae_overflow_hallway_of_the_gods,
          serial_shops, nicolae_diamond_shop
D:7:      minmay_the_grid_triangle_9x9_recursive_2
          [minmay_the_grid_triangle_9x9_prize_insulated,
          minmay_the_grid_triangle_9x9_checkered,
          minmay_the_grid_triangle_9x9_impossible_snake,
          minmay_the_grid_triangle_9x9_skeleton], layout_loops_ring,
          serial_aquarium, aquarium_bridge_square [aquarium_subvault_wall,
          aquarium_subvault_balcony, aquarium_subvault_wall,
          aquarium_subvault_bridge], aquarium_window_corridor_2,
          aquarium_window_fake, aquarium_window_1, aquarium_window_fake,
          aquarium_view_2c, grunt_ogre_cave, nicolae_specific_store
Temple:   hellmonk_temple_divided_pantheon

Skill      XL: |  1  2  3  4  5  6  7  8 |
---------------+-------------------------+-----
Fire Magic     | 4 5 7 8 |  8.8
Spellcasting   | 4 5 6 8 10 | 10.6
Stealth        | 3 4 |  4.0
Dodging        | 3 |  3.0
Conjurations   | 2 3 4 |  4.9
Fighting       | |  0.2
Short Blades   | |  0.1

Action                     |  1- 3 |  4- 6 |  7- 9 || total
---------------------------+-------+-------+-------++-------
  Melee: Unarmed           |     1 |       |       ||     1
         Dagger            |       |     2 |       ||     2
   Cast: Foxfire           |    52 |   118 |    77 ||   247
         Scorch            |     8 |    26 |    40 ||    74
         Flame Wave        |       |       |     1 ||     1
    Use: Scroll            |       |    11 |     5 ||    16
         Potion            |       |       |     1 ||     1
 Armour: Robe              |     9 |     3 |    27 ||    39
  Dodge: Dodged            |    10 |     7 |    17 ||    34

Table legend: (Time is in decaauts)
 A = Elapsed time spent in this place.
 B = Non-inter-level travel time spent in this place.
 C = Inter-level travel time spent in this place.
 D = Time resting spent in this place.
 E = Time spent auto-exploring this place.
 F = Levels seen in this place.
 G = Mean time per level.
                   A        B        C        D        E       F      G
               +--------+--------+--------+--------+--------+-----+--------+
         Total |   7686 |   7507 |    179 |     29 |   6331 |   8 |  960.8 |
       Dungeon |   7650 |   7471 |    179 |     29 |   6331 |   7 | 1092.9 |
        Temple |     35 |     35 |      0 |      0 |      0 |   1 |   35.0 |
               +--------+--------+--------+--------+--------+-----+--------+

Top non-repeatable levels by time:
     D:2: 1360 daAuts
     D:5: 1212 daAuts
     D:1: 1160 daAuts
     D:6: 1117 daAuts
     D:3: 1039 daAuts
     D:7: 1018 daAuts
     D:4: 741 daAuts
  Temple: 35 daAuts
